 Dungeon Crawl Stone Soup version 0.26-b1-32-g5d43845318 (webtiles) character file.

Game seed: 4505369610457063212

228472 sanka the Stormcaller (level 19, -20/146 HPs)
             Began as a Barachi Air Elementalist on Jan 9, 2021.
             Was the Champion of Ru.
             Demolished by an eight-headed hydra simulacrum (37 damage)
             ... on level 4 of the Swamp on Jan 10, 2021.
             The game lasted 02:13:35 (57704 turns).

sanka the Stormcaller (Barachi Air Elementalist)   Turns: 57704, Time: 02:13:37

Health: -20/146    AC: 35    Str: 10    XL:     19   Next: 42%
Magic:  31/33      EV: 20    Int: 20    God:    Ru [******]
Gold:   1084       SH:  0    Dex: 21    Spells: 14/38 levels left

rFire    . . .     SeeInvis .   a - +9 demon trident (elec)
rCold    . . .     Faith    .   (shield unavailable)
rNeg     . . .     Spirit   .   N - +8 ring mail of the Yeti {Dex+2}
rPois    .         Reflect  .   y - +2 helmet
rElec    .         Harm     .   D - +5 cloak of Recklessness {Stlth+}
rCorr    .         Rampage  .   e - +2 pair of gloves {Dex+3}
Will     +....                  i - +2 pair of boots
Stlth    +++.......             M - amulet of regeneration
HPRegen  0.74/turn              (ring unavailable)
MPRegen  0.23/turn              q - +4 ring of protection

@: marked, slow
A: +LOS, swims, slowness 1, missing a hand, inability to use devices, unskilled
1, strong legs 2
}: 1/15 runes: serpentine
a: Hop, Renounce Religion, Draw Out Power, Power Leap, Apocalypse


You were on level 4 of the Swamp.
You worshipped Ru.
Ru was exalted by your worship.
You visited 6 branches of the dungeon, and saw 32 of its levels.
You also visited: Sewer and Gauntlet.

You collected 3487 gold pieces.
You spent 2403 gold pieces at shops.


Innate Abilities, Weirdness & Mutations

You can be seen from farther away. (+LOS)
You can swim through water.
You cover ground slowly.
You are missing a hand.
You cannot study or use magical devices.
You are somewhat unskilled. (-1 Apt)
You can hop long distances.


   Skills:
 + Level 12.3 Fighting
 - Level 14.0 Polearms
 - Level 8.0 Armour
 + Level 13.0 Dodging
 - Level 1.5 Stealth
 - Level 10.0 Spellcasting
 - Level 12.0 Conjurations
 - Level 11.0 Ice Magic
 - Level 17.0 Air Magic


You had 14 spell levels left.
You knew the following spells:

 Your Spells              Type           Power        Failure   Level
c - Lightning Bolt        Conj/Air       30%          1%          5
e - Apportation           Tloc           20%          16%         1
s - Swiftness             Air            67%          1%          2
x - Shock                 Conj/Air       100%         1%          1
y - Corpse Rot            Necr/Air       N/A          1%          2
z - Airstrike             Air            33%          1%          4
X - Freezing Cloud        Conj/Ice/Air   29%          10%         6
Z - Static Discharge      Conj/Air       61%          1%          3

Your spell library contained the following spells:

 Spells                   Type           Power        Failure   Level
 Freeze                   Ice            100%         1%          1
 Poisonous Vapours        Pois/Air       88%          1%          2
 Frozen Ramparts          Ice            100%         1%          3
 Mephitic Cloud           Conj/Pois/Air  48%          1%          3
 Ozocubu's Armour         Ice            52%          1%          3
 Hailstorm                Conj/Ice       54%          1%          4
 Conjure Flame            Conj/Fire      34%          3%          3
 Sticky Flame             Conj/Fire      34%          13%         4
 Animate Skeleton         Necr           20%          16%         1
 Beastly Appendage        Tmut           20%          16%         1
 Corona                   Hex            11%          16%         1
 Sting                    Tmut/Pois      40%          16%         1
 Summon Small Mammal      Summ           40%          16%         1
 Ice Form                 Ice/Tmut       32%          16%         4
 Summon Ice Beast         Ice/Summ       32%          16%         4
 Sublimation of Blood     Necr           5%           22%         2
 Wereblood                Tmut           10%          22%         2
 Ignite Poison            Fire/Tmut/Pois 10%          41%         3
 Spider Form              Tmut/Pois      5%           41%         3
 Dispel Undead            Necr           10%          83%         4
 Olgreb's Toxic Radiance  Pois           10%          83%         4
 Starburst                Conj/Fire      17%          89%         6
 Agony                    Necr           10%          99%         5
 Blade Hands              Tmut           5%           99%         5
 Excruciating Wounds      Necr           5%           99%         5
 Summon Demon             Summ           5%           99%         5
 Summon Forest            Summ/Tloc      5%           99%         5
 Summon Mana Viper        Hex/Summ       10%          99%         5
 Shadow Creatures         Summ           N/A          100%        6
 Summon Hydra             Summ           5%           100%        7

Inventory:

Hand Weapons
 a - a +9 demon trident of electrocution (weapon)
 x - the +7 sceptre of Torment {pain, torment} In the hands of one skilled in necromantic magic, it inflicts extra damage on living creatures.
Missiles
 s - 17 curare-tipped darts {=f}
 O - 26 silver javelins
Armour
 e - a +2 pair of gloves of dexterity (worn)
 i - a +2 pair of boots (worn)
 y - a +2 helmet (worn)
 D - the +5 cloak of Recklessness (worn) {Stlth+}

   It makes you more stealthy.
 N - the +8 ring mail of the Yeti (worn) {Dex+2}

   It affects your dexterity (+2).
Magical Staves
 b - an uncursed staff of conjuration {!a}
Jewellery
 q - a +4 ring of protection (right hand)
 B - an uncursed ring of protection from cold
 F - an uncursed ring of poison resistance
 I - an uncursed ring of resist corrosion
 M - an amulet of regeneration (around neck)
 P - an uncursed ring of see invisible
 S - an uncursed ring of protection from fire
Scrolls
 c - 7 scrolls of amnesia
 j - 3 scrolls of torment {!r}
 m - 21 scrolls of teleportation {@r4}
 n - 2 scrolls of silence {!r}
 o - 6 scrolls of magic mapping
 p - 2 scrolls of enchant weapon
 t - 16 scrolls of remove curse
 u - 7 scrolls of fear
 w - 7 scrolls of enchant armour
 A - 5 scrolls of blinking
 E - 5 scrolls of identify {@r1}
 G - 2 scrolls of summoning
 H - 3 scrolls of immolation {!r}
 K - 2 scrolls of fog
 R - 2 scrolls of vulnerability {!r}
Potions
 d - 8 potions of attraction {!q}
 f - 7 potions of ambrosia
 g - 10 potions of brilliance
 h - 4 potions of lignification {!q}
 k - 8 potions of heal wounds {@q2}
 l - 5 potions of haste {@q3}
 r - 6 potions of curing {@q1}
 v - 3 potions of cancellation
 z - 2 potions of might
 C - 2 potions of magic
 J - 2 potions of mutation {!q}
 L - 2 potions of berserk rage {!q}
 Q - 3 potions of flight

Dungeon Overview and Level Annotations

Branches:
Dungeon (15/15)            Temple (1/1) D:4            Lair (6/6) D:10
  Swamp (4/4) Lair:4        Snake (4/4) Lair:2        Slime (0/5) Lair:6
    Orc (2/2) D:9             Elf (0/3) Orc:2        Vaults (0/5) D:13
 Depths (0/5) D:15          Sewer (visited)         Gauntlet (visited)

Altars:
Ashenzari
Cheibriados
Dithmenos
Elyvilon
Fedhas
Gozag
Hepliaklqana
Kikubaaqudgha
Makhleb
Nemelex Xobeh
Okawaru
Qazlal
Ru
Sif Muna
Trog
Uskayaw
Vehumet
Wu Jian
Xom
Yredelemnul
Zin
The Shining One

Shops:
D:9 (   D:14 *   D:15 (   Orc:1 [}?!   Orc:2 (:[*(   Snake:3 [[[

Annotations:
Snake:2 3 runed translucent doors, Bunnuime's ghost, adept DECj; Sokuv's ghost, adept DECj

♣♣♣♣ ♣♣♣♣♣♣♣♣≈.♣♣
♣...Z.≈≈≈≈.♣ ♣♣♣♣♣♣♣
♣..Ft)≈v#≈≈♣♣♣...≈≈♣
♣♣♣♣°)..v#v.#...≈≈≈.
♣♣.#≈...##....≈≈≈≈
♣.≈≈W.♣.≈.≈≈≈≈≈≈≈≈
♣♣.#≈.[..Z≈≈≈≈≈≈≈≈
♣≈♣..♣≈x≈≈≈≈≈≈≈≈≈
♣♣♣≈♣..♣y.≈≈≈..#≈
♣♣♣≈≈.♣.≈)≈Z≈≈.
♣♣≈.♣♣...≈≈≈≈


You could see a bunyip, an alligator (swift), a freezing wraith, a
will-o-the-wisp, a vampire mosquito, an eight-headed hydra simulacrum (corona)
and a swamp worm simulacrum.


Message History

The eight-headed hydra simulacrum completely misses you.
The eight-headed hydra simulacrum barely misses you.
The eight-headed hydra simulacrum bites you but does no damage.
The eight-headed hydra simulacrum bites you.
* * * LOW HITPOINT WARNING * * *
The eight-headed hydra simulacrum freezes you!!
* * * LOW HITPOINT WARNING * * *
The eight-headed hydra simulacrum bites you.
* * * LOW HITPOINT WARNING * * *
The eight-headed hydra simulacrum freezes you!!
* * * LOW HITPOINT WARNING * * *
You focus your inner power and illuminate the eight-headed hydra simulacrum in retribution!
The eight-headed hydra simulacrum closely misses you.
The alligator closely misses you. The alligator misses you.
A bunyip comes into view.
A swamp worm simulacrum comes into view.
A foxfire comes into view.
Unknown command.
Blink to where?
Okay, then.
A foxfire comes into view.
A vampire mosquito comes into view.
The alligator bites you but does no damage.
The alligator barely misses you.
The eight-headed hydra simulacrum bites you but does no damage.
The eight-headed hydra simulacrum bites you.
* * * LOW HITPOINT WARNING * * *
The eight-headed hydra simulacrum freezes you!!!
You die...

Action                   |  1- 3 |  4- 6 |  7- 9 | 10-12 | 13-15 | 16-18 | 19-21 || total
-------------------------+-------+-------+-------+-------+-------+-------+-------++-------
Melee: Dagger            |       |    49 |   258 |   460 |     5 |       |       ||   772
       Quarterstaff      |       |       |       |     4 |       |       |       ||     4
       Demon trident     |       |       |       |   283 |  2312 |  1441 |   250 ||  4286
       Staff             |       |       |       |       |       |    30 |       ||    30
 Cast: Shock             |    65 |    80 |   146 |   299 |    18 |    18 |       ||   626
       Airstrike         |       |     4 |    17 |   103 |    27 |   230 |    46 ||   427
       Lightning Bolt    |       |       |       |       |     3 |     1 |       ||     4
       Apportation       |       |       |       |       |       |     2 |       ||     2
       Freezing Cloud    |       |       |       |       |       |     1 |       ||     1
Invok: Sacrifice Artific |       |       |     1 |       |       |       |       ||     1
       Sacrifice a Hand  |       |       |       |     1 |       |       |       ||     1
       Apocalypse        |       |       |       |     1 |     8 |     6 |     1 ||    16
       Sacrifice Skill   |       |       |       |     1 |       |       |       ||     1
 Abil: Hop               |       |     1 |       |     3 |     1 |     3 |     1 ||     9
  Use: Potion            |       |     2 |       |     2 |     5 |     1 |     4 ||    14
       Scroll            |       |     3 |     1 |     9 |    23 |     9 |       ||    45
 Stab: Distracted        |       |     1 |       |     3 |    15 |    15 |     1 ||    35
       Sleeping          |       |       |     1 |     4 |    10 |     8 |       ||    23
       Invisible         |       |       |       |     4 |    32 |    22 |     4 ||    62
       Paralysed         |       |       |       |     9 |    24 |     6 |    10 ||    49
       Confused          |       |       |       |       |       |     3 |       ||     3
Armor: Robe              |     1 |    25 |    83 |       |       |       |       ||   109
       Troll leather arm |       |       |    21 |       |       |       |       ||    21
       Acid dragon scale |       |       |       |   291 |   370 |       |       ||   661
       Ring mail         |       |       |       |       |    85 |   393 |   108 ||   586
Dodge: Dodged            |     8 |    35 |   237 |   861 |  1106 |   712 |   158 ||  3117

Levels and vault maps discovered:
D:1:      moated_graveyard_arrival, layout_basic
D:2:      layout_basic, nicolae_underground_beach
D:3:      layout_loops_cross, roderic_lattice_a, uniq_sigmund, uniq_robin,
          uniq_grinder
D:4:      layout_loops_ring, minmay_temple_entry_trees
D:5:      layout_basic, uniq_eustachio
D:6:      layout_loops_ring, nicolae_overflow_crystal_walls,
          portal_sewer_entry_b, corexii_hall_statues_x, hangedman_decor_points
D:7:      layout_basic, amcnicky_mini_corridor_feature, minmay_misc_feat_doors,
          uniq_prince_ribbit1, uniq_pikel, uniq_maggie, uniq_joseph,
          uniq_crazy_yiuf_cottage
D:8:      layout_basic
D:9:      layout_irregular_city, demons_altar, nzn_hepliaklqana_mist_gate,
          lemuel_crystal_altar, erik_orc_2, serial_shops, shop, minivault_25,
          minmay_fountain_box
D:10:     layout_cave_pods, erik_lair_island, special_room [special_room_bee]
D:11:     layout_cave_pools, serial_rivers, chequers_serial_rivers_marsh,
          chequers_serial_rivers_room_b, chequers_serial_rivers_micro_a,
          chequers_serial_rivers_micro_c, chequers_serial_rivers_micro_e,
          basic_altar
D:12:     layout_basic, basic_altar, uniq_azrael, uniq_sonja
D:13:     layout_basic, david_vaults_5, blue_anna_alchemist
          [blue_anna_fruit_fields, blue_anna_fruit_fields], uniq_urug
D:14:     layout_basic, solitary_fountain, serial_shops, kennysheep_mini_moat,
          nicolae_tso_swordbearing_angel
D:15:     grunt_enter_depths_snipers, layout_irregular_city,
          small_statue_intersection, serial_shops, shop, minmay_three_doors,
          uniq_rupert, uniq_kirke
Temple:   regret_index_temple_mists
Lair:1:   layout_roguey, beast_lair_carwin_11, uniq_nergalle
Lair:2:   layout_long_grid, minmay_snake_entry_guardpost_medium,
          nzn_sisyphean_effort, grunt_megastairs_1, lemuel_fruit_fields
Lair:3:   layout_long_grid
Lair:4:   layout_regular_city, minmay_swamp_entry_worms, minivault_26,
          uniq_nessos
Lair:5:   layout_loops_ring, chequers_serial_rivers_micro_b
Lair:6:   minmay_lair_end_frog_pond, layout_regular_city,
          minmay_slime_entry_pillars, serial_bayou_shore_a
Swamp:1:  layout_basic_swamp, evilmike_swamp_ruin_wall, swamp_pool5
Swamp:2:  layout_basic_swamp, evilmike_swamp_ruin_house_5,
          infiniplex_staircase_pool, uniq_nikola
Swamp:3:  layout_falls_marsh, gammafunk_ghost_arena, lemuel_altar_in_water
Swamp:4:  swamp_icy, layout_basic_swamp
Snake:1:  layout_chambers
Snake:2:  layout_rooms, gammafunk_ghost_cemetery, hangedman_venom_bottle
Snake:3:  layout_gridlike, serial_shops, shop_statue, shop, shop,
          serial_bayou_shore_b, uniq_aizul, uniq_louise
Snake:4:  grunt_snake_rune_pools, layout_basic, uniq_agnes
Orc:1:    layout_caves, serial_shops, shop_scrolls, nicolae_shop_statue_plus,
          shop, shop_coins, basic_altar, nicolae_orc_damp_corner
Orc:2:    st_orc_congregation, layout_diamond_mine, gauntlet_entry_generic,
          serial_shops, nicolae_shop_competitors_out_of_business

Notes
Turn   | Place    | Note
-------+----------+-------------------------------------------
     0 | D:1      | sanka the Barachi Air Elementalist began the quest for the
                  | Orb.
     0 | D:1      | Reached XP level 1. HP: 13/13 MP: 3/3
   218 | D:1      | Reached skill level 2 in Conjurations
   316 | D:1      | Reached XP level 2. HP: 19/19 MP: 3/5
   319 | D:1      | Learned a level 2 spell: Swiftness
   841 | D:2      | Reached skill level 3 in Conjurations
   841 | D:2      | Reached XP level 3. HP: 17/24 MP: 0/6
  1443 | D:2      | Reached XP level 4. HP: 21/30 MP: 1/7
  1628 | D:2      | Reached skill level 4 in Air Magic
  1820 | D:2      | Reached skill level 4 in Conjurations
  1905 | D:2      | Learned a level 4 spell: Airstrike
  2089 | D:2      | Reached XP level 5. HP: 25/35 MP: 0/8
  2684 | D:3      | Noticed Sigmund
  2707 | D:3      | Killed Sigmund
  2708 | D:3      | Reached skill level 5 in Conjurations
  2708 | D:3      | Reached skill level 5 in Air Magic
  2708 | D:3      | Reached XP level 6. HP: 41/41 MP: 2/10
  2932 | D:3      | Reached skill level 3 in Spellcasting
  3277 | D:3      | Noticed Robin
  3300 | D:3      | Killed Robin
  3313 | D:3      | Reached skill level 6 in Air Magic
  3561 | D:3      | Noticed Grinder
  3697 | D:3      | Paralysed by Grinder for 5 turns
  3759 | D:3      | Paralysed by Grinder for 2 turns
  3787 | D:3      | Killed Grinder
  3788 | D:3      | Reached skill level 7 in Air Magic
  3788 | D:3      | Reached XP level 7. HP: 38/46 MP: 0/11
  4550 | D:4      | Reached skill level 8 in Air Magic
  4677 | D:4      | Found a staircase to the Ecumenical Temple.
  4789 | D:4      | Reached XP level 8. HP: 46/52 MP: 12/12
  5115 | D:4      | Reached skill level 9 in Air Magic
  5397 | Temple   | Entered the Ecumenical Temple
  5502 | Temple   | Became a worshipper of Ru the Awakened
  5550 | D:5      | Entered Level 5 of the Dungeon
  6410 | D:5      | Noticed Eustachio
  6447 | D:5      | Killed Eustachio
  6448 | D:5      | Reached skill level 10 in Air Magic
  6796 | D:6      | Reached skill level 3 in Dodging
  6797 | D:6      | Reached skill level 4 in Dodging
  6918 | D:6      | Reached skill level 5 in Dodging
  7039 | D:6      | Reached XP level 9. HP: 51/57 MP: 7/13
  7080 | D:6      | Gained mutation: You cannot study or use magical devices.
                  | [Ru sacrifice]
  7080 | D:6      | Reached * piety under Ru
  7080 | D:6      | Reached ** piety under Ru
  7250 | D:6      | Found a glowing drain.
  7261 | D:6      | Reached skill level 6 in Dodging
  7271 | Sewer    | Entered a sewer
  8085 | D:6      | Found a white marble altar of Elyvilon.
  8347 | D:7      | Noticed a troll
  8358 | D:7      | Killed a troll
  8359 | D:7      | Reached skill level 7 in Dodging
  8492 | D:7      | Reached skill level 8 in Dodging
  8647 | D:7      | Noticed Pikel
  8673 | D:7      | Killed Pikel
  8674 | D:7      | Reached skill level 9 in Dodging
  8682 | D:7      | Identified +0 acid dragon scales
  8682 | D:7      | Noticed Maggie
  8686 | D:7      | Noticed Prince Ribbit
  8697 | D:7      | Noticed Joseph
  8716 | D:7      | Killed Maggie
  8717 | D:7      | Reached skill level 10 in Dodging
  8892 | D:7      | Killed Joseph
  8893 | D:7      | Reached XP level 10. HP: 33/63 MP: 5/14
  9364 | D:7      | Killed Prince Ribbit
  9365 | D:7      | Reached skill level 1 in Fighting
  9365 | D:7      | Reached skill level 11 in Dodging
  9636 | D:7      | Found a runed translucent door.
  9637 | D:7      | Noticed Crazy Yiuf
  9643 | D:7      | Killed Crazy Yiuf
  9772 | D:8      | Reached skill level 2 in Fighting
 10081 | D:8      | Noticed a boulder beetle
 10082 | D:8      | Gained mutation: You are missing a hand. [Ru sacrifice]
 10082 | D:8      | Reached *** piety under Ru
 10082 | D:8      | Reached **** piety under Ru
 10082 | D:8      | Reached ***** piety under Ru
 10129 | D:8      | Killed a boulder beetle
 10130 | D:8      | Reached skill level 4 in Fighting
 10765 | D:8      | Reached skill level 5 in Fighting
 11126 | D:8      | Reached skill level 12 in Dodging
 11321 | D:9      | Found a snail-covered altar of Cheibriados.
 11354 | D:8      | Reached skill level 6 in Fighting
 11429 | D:9      | Noticed a two-headed ogre
 11464 | D:9      | Killed a two-headed ogre
 11465 | D:9      | Reached skill level 7 in Fighting
 11618 | D:9      | Reached skill level 8 in Fighting
 11618 | D:9      | Reached XP level 11. HP: 80/86 MP: 8/15
 11701 | D:9      | Reached skill level 9 in Fighting
 11749 | D:9      | Reached skill level 10 in Fighting
 12233 | D:9      | Reached skill level 1 in Armour
 12720 | D:9      | Reached skill level 2 in Armour
 12984 | D:9      | Found a burning altar of Makhleb.
 13393 | D:9      | Reached skill level 3 in Armour
 13414 | D:9      | Found Nakhoum's Weapon Shop.
 13592 | D:9      | Gained mutation: You are somewhat unskilled. (-1 Apt) [Ru
                  | sacrifice]
 13592 | D:9      | Reduced skill Fighting to level 9
 13592 | D:9      | Reduced skill Armour to level 2
 13592 | D:9      | Reduced skill Dodging to level 11
 13592 | D:9      | Reduced skill Spellcasting to level 2
 13592 | D:9      | Reduced skill Conjurations to level 4
 13592 | D:9      | Reduced skill Air Magic to level 9
 13592 | D:9      | Reached ****** piety under Ru
 13630 | D:9      | Found a hazy altar of Hepliaklqana.
 13702 | D:9      | Reached skill level 3 in Armour
 13824 | D:9      | Reached skill level 10 in Fighting
 13993 | D:9      | Found a staircase to the Orcish Mines.
 14185 | D:10     | Entered Level 10 of the Dungeon
 14185 | D:10     | Noticed a two-headed ogre
 14666 | D:10     | Noticed a manticore
 14905 | D:9      | Reached skill level 3 in Spellcasting
 14937 | D:10     | Killed a manticore
 15126 | D:10     | Reached skill level 4 in Armour
 15126 | D:10     | Reached skill level 5 in Conjurations
 15590 | D:10     | Found a staircase to the Lair.
 16173 | D:10     | Reached XP level 12. HP: 74/91 MP: 2/16
 16317 | D:10     | Killed a two-headed ogre
 16318 | D:10     | Reached skill level 5 in Armour
 16873 | D:10     | Reached skill level 10 in Air Magic
 17077 | D:10     | Noticed a two-headed ogre
 17088 | D:10     | Killed a two-headed ogre
 17670 | D:9      | Bought a +0 demon trident for 195 gold pieces
 17723 | D:10     | Reached skill level 11 in Fighting
 17723 | D:10     | Reached skill level 6 in Armour
 17888 | D:11     | Reached skill level 1 in Polearms
 18107 | D:11     | Reached skill level 12 in Dodging
 18347 | D:11     | Noticed a seven-headed hydra
 18351 | D:11     | Reached skill level 2 in Polearms
 18356 | D:11     | Killed a seven-headed hydra
 18357 | D:11     | Reached skill level 3 in Polearms
 18496 | D:11     | Found an ancient bone altar of Kikubaaqudgha.
 18687 | D:11     | Got an iridescent trident
 18688 | D:11     | Identified the +5 trident "Ytoin" {freeze, rC- Int+5} (You
                  | found it on level 11 of the Dungeon)
 18729 | Lair:1   | Entered Level 1 of the Lair of Beasts
 18874 | Lair:1   | Reached skill level 4 in Polearms
 18932 | Lair:1   | Noticed a five-headed hydra
 18959 | Lair:1   | Killed a five-headed hydra
 19283 | Lair:1   | Reached skill level 5 in Polearms
 19527 | Lair:1   | HP: 5/100 [komodo dragon (13)]
 19531 | Lair:1   | HP: 2/100 [komodo dragon (11)]
 19543 | Lair:1   | Noticed Nergalle
 20028 | Lair:1   | Killed Nergalle
 20029 | Lair:1   | Reached skill level 6 in Polearms
 20698 | Lair:1   | Reached skill level 7 in Polearms
 21222 | Lair:2   | Gained mutation: You can hop long distances. [Barachi
                  | growth]
 21222 | Lair:2   | Reached XP level 13. HP: 99/106 MP: 5/17
 21564 | Lair:2   | Reached skill level 8 in Polearms
 22149 | Lair:2   | Reached skill level 9 in Polearms
 22760 | Lair:2   | HP: 1/106 [boulder beetle (24)]
 23683 | Lair:2   | Found a staircase to the Snake Pit.
 24137 | Lair:3   | Reached skill level 10 in Polearms
 24420 | Lair:3   | Got a spiked hat
 24438 | Lair:3   | Identified the +2 hat of Melancholy {Harm rPois Regen+
                  | Dex-3} (You found it on level 3 of the Lair of Beasts)
 25406 | Lair:4   | Reached skill level 11 in Polearms
 25465 | Lair:4   | Found a staircase to the Swamp.
 25948 | Lair:4   | Noticed Nessos
 25954 | Lair:4   | Killed Nessos
 26438 | Lair:5   | HP: 2/81 [hell rat (11)]
 26908 | Lair:5   | Reached skill level 12 in Polearms
 27273 | Lair:5   | Reached XP level 14. HP: 99/99 MP: 18/18
 27632 | Lair:6   | Entered Level 6 of the Lair of Beasts
 27936 | Lair:6   | Found a staircase to the Slime Pits.
 28535 | Lair:6   | Reached skill level 13 in Polearms
 29657 | Lair:6   | Reached skill level 14 in Polearms
 29661 | Lair:6   | Learned a level 3 spell: Static Discharge
 29667 | Lair:6   | Learned a level 5 spell: Lightning Bolt
 29670 | Lair:6   | Learned a level 2 spell: Corpse Rot
 29942 | Lair:6   | Found the +7 sceptre of Torment {pain, torment}
 30396 | Lair:6   | Got a masterwork spear
 30397 | Lair:6   | Identified the +6 spear of Amorality {vorpal, rF+ Will+
                  | Int+3 SInv} (You found it on level 6 of the Lair of Beasts)
 31066 | Orc:1    | Entered Level 1 of the Orcish Mines
 31066 | Orc:1    | Found Dymapt's Magic Scroll Shop.
 31240 | Orc:1    | Found Xoeroq's Gadget Emporium.
 31313 | Orc:1    | Reached skill level 4 in Spellcasting
 31393 | Orc:1    | Noticed a stone giant
 31402 | Orc:1    | Killed a stone giant
 31536 | Orc:1    | Found Xiuclut's Distillery.
 31623 | Orc:1    | Reached skill level 6 in Conjurations
 32283 | Orc:1    | Found Hahet's Antique Armour Shoppe.
 32343 | Orc:1    | Found a bloodstained altar of Trog.
 32499 | Orc:2    | Entered Level 2 of the Orcish Mines
 32499 | Orc:2    | Found a gate leading to a gauntlet.
 32503 | Orc:2    | Found a staircase to the Elven Halls.
 32510 | Gauntlet | Entered a Gauntlet
 32510 | Gauntlet | Found a transporter.
 32510 | Gauntlet | Found a transporter.
 32510 | Gauntlet | Found a transporter.
 32510 | Gauntlet | Found a transporter.
 32520 | Gauntlet | Found a transporter.
 32523 | Gauntlet | Found a transporter.
 32527 | Gauntlet | Found a runed translucent door.
 32529 | Gauntlet | Found a runed translucent door.
 32531 | Gauntlet | Found a transporter.
 32534 | Gauntlet | Found a transporter.
 32542 | Gauntlet | Found a transporter.
 32560 | Gauntlet | Found a transporter.
 32577 | Gauntlet | Found a transporter.
 32580 | Gauntlet | Found a transporter.
 33218 | Gauntlet | Identified the Compendium of the Blaze
 33224 | Gauntlet | Got a brightly glowing cloak
 33235 | Gauntlet | Identified the +5 cloak of Recklessness {Stlth+} (You found
                  | it in a Gauntlet)
 33283 | Gauntlet | Reached XP level 15. HP: 73/118 MP: 22/22
 33596 | Orc:2    | Found Etosuses's Antique Weapon Shoppe.
 33797 | Orc:2    | Reached skill level 5 in Spellcasting
 34156 | Orc:2    | Reached skill level 7 in Conjurations
 34186 | Orc:2    | HP: 5/118 [sixfirhy[an orc high priest] (12)]
 34196 | Orc:2    | Reached skill level 11 in Air Magic
 34768 | Orc:2    | Identified a +2 robe of resistance
 34942 | Orc:2    | Noticed an orc warlord
 34977 | Orc:2    | Killed an orc warlord
 35287 | Orc:2    | Found Uskat's Antique Armour Shoppe.
 35288 | Orc:2    | Found Caiceyk's Antique Weapon Emporium.
 35291 | Orc:2    | Found Ceproir's General Store.
 35291 | Orc:2    | Found Xoleuj's Book Shoppe.
 35453 | Orc:1    | Bought a transparent ring mail for 207 gold pieces
 35463 | Orc:1    | Identified the +8 ring mail of the Yeti {Dex+2} (You bought
                  | it in a shop on level 1 of the Orcish Mines)
 35528 | Orc:2    | Bought a polished chain mail for 342 gold pieces
 35528 | Orc:2    | Bought a pair of runed gloves for 270 gold pieces
 35558 | Orc:2    | Identified the +3 chain mail of the Vestibule of Hell {rN+}
                  | (You bought it in a shop on level 2 of the Orcish Mines)
 35634 | Orc:1    | Bought a jasper-encrusted chain mail for 218 gold pieces
 35644 | Orc:1    | Identified the cursed +0 chain mail "Fafrapp" {rElec Str+4}
                  | (You bought it in a shop on level 1 of the Orcish Mines)
 35679 | Orc:1    | Bought a scroll of enchant armour for 112 gold pieces
 35679 | Orc:1    | Bought a scroll of enchant armour for 112 gold pieces
 35679 | Orc:1    | Bought a scroll of blinking for 112 gold pieces
 35697 | Orc:1    | Bought a potion of cancellation for 88 gold pieces
 35697 | Orc:1    | Bought a potion of heal wounds for 55 gold pieces
 35872 | D:12     | Noticed Azrael
 36031 | D:12     | Killed Azrael
 36032 | D:12     | Reached skill level 6 in Spellcasting
 36305 | D:12     | Found a bloodstained altar of Trog.
 36579 | D:12     | Noticed Sonja
 36587 | D:12     | Killed Sonja
 36588 | D:12     | Reached skill level 8 in Conjurations
 36644 | D:12     | Reached skill level 12 in Air Magic
 37371 | D:13     | Noticed Urug
 37389 | D:13     | Killed Urug
 37923 | D:13     | Reached skill level 13 in Air Magic
 38186 | D:13     | Found a gate to the Vaults.
 39072 | D:14     | Found Iqu Niod's General Store.
 39075 | D:14     | Bought a scroll of enchant weapon for 97 gold pieces
 39168 | D:14     | Reached XP level 16. HP: 60/114 MP: 16/25
 39202 | D:14     | Reached skill level 14 in Air Magic
 39977 | D:14     | Found a glowing golden altar of the Shining One.
 40096 | D:15     | Entered Level 15 of the Dungeon
 40112 | D:15     | Noticed Rupert
 40131 | D:15     | Killed Rupert
 40334 | D:15     | Found Suoh's Antique Weapon Boutique.
 40471 | D:15     | Found a staircase to the Depths.
 40626 | D:15     | Reached skill level 7 in Armour
 40921 | D:15     | Noticed Kirke
 40946 | D:15     | Killed Kirke
 41292 | Snake:1  | Entered Level 1 of the Snake Pit
 42096 | Snake:1  | Learned a level 6 spell: Freezing Cloud
 42913 | Snake:1  | Reached skill level 1 in Ice Magic
 43573 | Snake:2  | Found a runed translucent gate.
 43573 | Snake:2  | Found a runed translucent gate.
 43573 | Snake:2  | Found a runed translucent gate.
 43573 | Snake:2  | Noticed Bunnuime's ghost (adept DECj)
 43573 | Snake:2  | Noticed Sokuv's ghost (adept DECj)
 44496 | Snake:2  | Noticed a nagaraja
 44508 | Snake:2  | Reached skill level 2 in Ice Magic
 44647 | Snake:2  | Killed a nagaraja
 44865 | Snake:2  | Reached skill level 12 in Fighting
 44939 | Snake:2  | Reached skill level 8 in Armour
 45084 | Snake:1  | HP: 12/127 [poisoned by a black mamba]
 45089 | Snake:1  | HP: 7/127 [poisoned by a black mamba]
 45094 | Snake:1  | HP: 6/127 [poisoned by a black mamba]
 45100 | Snake:1  | HP: 5/127 [poisoned by a black mamba]
 45106 | Snake:1  | HP: 7/127 [poisoned by a black mamba]
 45112 | Snake:1  | HP: 9/127 [poisoned by a black mamba]
 45120 | Snake:1  | HP: 12/127 [poisoned by a black mamba]
 45438 | Snake:1  | Reached skill level 3 in Ice Magic
 46133 | Snake:3  | Noticed a nagaraja
 46157 | Snake:3  | Reached skill level 7 in Spellcasting
 46157 | Snake:3  | Reached skill level 4 in Ice Magic
 46157 | Snake:3  | Reached XP level 17. HP: 113/127 MP: 18/27
 46158 | Snake:3  | Reached skill level 9 in Conjurations
 46699 | Snake:3  | Noticed Aizul
 46847 | Snake:3  | Killed Aizul
 47102 | Snake:3  | Found Toemn's Antique Armour Emporium.
 47123 | Snake:3  | Reached skill level 5 in Ice Magic
 47127 | Snake:3  | Bought a steaming ring mail for 315 gold pieces
 47127 | Snake:3  | Bought an embroidered scarf for 280 gold pieces
 47158 | Snake:3  | Identified the +3 ring mail "Pukkeen" {-Cast Rampage rElec}
                  | (You bought it in a shop on level 3 of the Snake Pit)
 47173 | Snake:3  | Found Fivurecwy's Antique Armour Shop.
 48076 | Snake:3  | Found Jemyjuxa's Armour Boutique.
 48314 | Snake:4  | Entered Level 4 of the Snake Pit
 48504 | Snake:4  | Reached skill level 8 in Spellcasting
 48504 | Snake:4  | Reached skill level 6 in Ice Magic
 48597 | Snake:4  | Noticed Agnes
 48613 | Snake:4  | Killed Agnes
 48884 | Snake:4  | Reached skill level 10 in Conjurations
 48893 | Snake:4  | Reached skill level 15 in Air Magic
 49248 | Snake:4  | Reached skill level 7 in Ice Magic
 49514 | Snake:4  | Reached skill level 8 in Ice Magic
 49847 | Snake:4  | Reached skill level 9 in Ice Magic
 50262 | Snake:4  | Identified a +1 robe of the Archmagi
 50375 | Snake:4  | Reached skill level 10 in Ice Magic
 50402 | Snake:4  | Reached XP level 18. HP: 88/140 MP: 27/30
 51630 | Snake:4  | Reached skill level 9 in Spellcasting
 51693 | Snake:4  | Reached skill level 11 in Conjurations
 52314 | Snake:4  | Reached skill level 16 in Air Magic
 52442 | Snake:4  | Got a serpentine rune of Zot
 53162 | Swamp:1  | Entered Level 1 of the Swamp
 53582 | Swamp:1  | Reached skill level 13 in Dodging
 54084 | Swamp:2  | Noticed Nikola
 54088 | Swamp:2  | Learned a level 1 spell: Apportation
 54180 | Swamp:2  | Identified +0 swamp dragon scales
 55329 | Swamp:2  | Killed Nikola
 55588 | Swamp:3  | Reached XP level 19. HP: 136/136 MP: 32/32
 55838 | Swamp:3  | Found a transporter.
 55913 | Swamp:3  | Found a glowing golden altar of the Shining One.
 55921 | Swamp:3  | Found a transporter.
 55921 | Swamp:3  | Noticed ubloh's ghost (adept MiFi)
 56541 | Swamp:3  | Reached skill level 11 in Ice Magic
 56550 | Swamp:3  | Killed ubloh's ghost
 56958 | Swamp:3  | Identified a +0 crystal plate armour (You found it on level
                  | 3 of the Swamp)
 56999 | Swamp:4  | Entered Level 4 of the Swamp
 57036 | Swamp:4  | Reached skill level 10 in Spellcasting
 57103 | Swamp:4  | Reached skill level 12 in Conjurations
 57703 | Swamp:4  | Reached skill level 17 in Air Magic
 57703 | Swamp:4  | HP: 1/146 [eight-headed hydra simulacrum (30)]
 57704 | Swamp:4  | Demolished by an eight-headed hydra simulacrum

Vanquished Creatures
  Nikola (Swamp:2)
  Rupert (D:15)
  The ghost of ubloh the Warrior, an adept MiFi of Okawaru (Swamp:3)
  Agnes (Snake:4)
  Kirke (D:15)
  12 nagarajas
  Aizul (Snake:3)
  An orc warlord (Orc:2)
  Nessos (Lair:4)
  A stone giant (Orc:1)
  Azrael (D:12)
  4 bunyips
  A minotaur (Gauntlet)
  3 eleionomae
  An ettin (D:15)
  A blizzard demon (Gauntlet)
  A yaktaur captain (D:15)
  A shambling mangrove (Swamp:4)
  9 hydras
  A vault guard (D:13)
  4 ghost crabs
  3 boulder beetles
  19 naga warriors
  20 anacondas
  3 centaur warriors
  An ogre mage (D:12)
  9 two-headed ogres
  12 alligators
  2 death yaks (Lair:4)
  16 naga sharpshooters
  A tengu warrior (D:15)
  Urug (D:13)
  11 shock serpents
  Nergalle (Lair:1)
  4 orc high priests
  Sonja (D:12)
  6 goliath frogs
  A deep elf knight (D:13)
  3 spriggan druids
  9 sea snakes (Snake:4)
  An unseen horror (D:13)
  5 naga ritualists
  A wizard (D:14)
  4 swamp dragons
  2 bog bodies
  4 orc knights
  6 mana vipers
  2 deep elf magi
  Pikel (D:7)
  14 ugly things
  7 orc sorcerers
  12 salamanders
  3 will-o-the-wisps
  7 cyclopes
  A manticore (D:10)
  7 elephants (Lair:6)
  41 black mambas
  9 guardian serpents
  Joseph (D:7)
  A torpor snail (Lair:4)
  18 naga magi
  2 minotaur zombies (Gauntlet)
  A cane toad (shapeshifter) (D:14)
  A gargoyle (D:12)
  27 cane toads
  Maggie (D:7)
  2 rime drakes
  A tengu conjurer (D:15)
  8 komodo dragons
  A yaktaur (shapeshifter) (D:14)
  2 freezing wraiths (Swamp:4)
  A yaktaur (D:15)
  4 bloated husks (Swamp:3)
  2 queen bees
  8 trolls
  2 meliai (D:14)
  2 polar bears (Lair:6)
  5 slime creatures
  22 blink frogs
  15 tyrant leeches
  Prince Ribbit (D:7)
  15 hornets
  Grinder (D:3)
  A vampire (D:14)
  8 spriggans
  3 wyverns
  4 wraiths
  Sigmund (D:3)
  65 yaks
  Eustachio (D:5)
  2 fire elementals
  3 basilisks
  2 swamp worm simulacra (Swamp:4)
  12 vampire mosquitoes
  55 nagas
  17 swamp worms
  15 water moccasins
  4 swamp drakes
  5 hydra simulacra (Swamp:4)
  6 hell hounds (D:12)
  3 sky beasts
  4 ice beasts
  38 orc warriors
  2 phantoms
  3 black bears
  7 ogres
  29 wolves
  7 centaurs
  2 necrophages (D:14)
  A lemure (D:7)
  2 big kobolds
  28 bullfrogs
  A gnoll sergeant (D:9)
  6 scorpions
  38 killer bees
  6 wights
  4 electric eels
  4 howler monkeys
  3 centaur zombies
  2 bullfrog zombies
  3 centaur skeletons
  6 hounds
  Crazy Yiuf (D:7)
  22 orc priests
  A wyvern simulacrum (D:13)
  4 jellies
  31 orc wizards
  3 iron imps (D:9)
  2 iguanas
  6 hell rats (Lair:5)
  11 worker ants
  A hound zombie (D:7)
  A hound skeleton (D:6)
  Robin (D:3)
  14 adders
  18 gnolls
  A river rat (D:6)
  4 white imps
  3 ufetubi
  3 swamp drake simulacra (Swamp:4)
  An adder zombie (D:5)
  3 worms (D:2)
  3 dart slugs
  3 leopard geckos
  94 orcs
  6 giant cockroaches
  13 goblins
  11 hobgoblins
  5 jackals
  4 quokkas
  5 ball pythons
  3 bats
  9 frilled lizards
  6 kobolds
  A leopard gecko zombie (D:7)
  A quokka skeleton (D:6)
  12 rats
1152 creatures vanquished.

Vanquished Creatures (others)
  A shambling mangrove (Swamp:2)
  A hydra (Swamp:3)
  An anaconda (Snake:1)
  An alligator (Swamp:4)
  2 spriggans (Swamp:3)
  An ugly thing (D:10)
  A komodo dragon (Lair:1)
  A bloated husk (Swamp:1)
  2 tyrant leeches (Swamp:4)
  A hornet (Swamp:3)
  A blink frog (Lair:6)
  A yak (Lair:2)
  A swamp worm (Swamp:4)
  A swamp drake (Swamp:2)
  3 wolves
  A centaur (D:13)
  A bullfrog (Lair:5)
  A wight (D:9)
  A killer bee (D:10)
  An adder (D:10)
  60 fungi
  107 plants
191 creatures vanquished.

Grand Total: 1343 creatures vanquished

Table legend: (Time is in decaauts)
 A = Elapsed time spent in this place.
 B = Non-inter-level travel time spent in this place.
 C = Inter-level travel time spent in this place.
 D = Time resting spent in this place.
 E = Time spent auto-exploring this place.
 F = Levels seen in this place.
 G = Mean time per level.
                   A        B        C        D        E       F      G
               +--------+--------+--------+--------+--------+-----+--------+
         Total |  60887 |  58253 |   2634 |  24632 |  21920 |  34 | 1790.8 |
       Dungeon |  26205 |  25203 |   1002 |   9790 |  11004 |  15 | 1747.0 |
        Temple |    151 |    113 |     38 |      0 |    111 |   1 |  151.0 |
          Lair |  12646 |  11990 |    656 |   5334 |   4367 |   6 | 2107.7 |
         Swamp |   4466 |   4260 |    206 |   1867 |   1279 |   4 | 1116.5 |
     Snake Pit |  12325 |  11913 |    412 |   6050 |   3323 |   4 | 3081.2 |
  Orcish Mines |   3505 |   3186 |    319 |   1001 |   1243 |   2 | 1752.5 |
         Sewer |    549 |    549 |      0 |     53 |    404 |   1 |  549.0 |
      Gauntlet |   1037 |   1037 |      0 |    535 |    186 |   1 | 1037.0 |
               +--------+--------+--------+--------+--------+-----+--------+

Top non-repeatable levels by time:
     D:9: 4524 daAuts
 Snake:4: 4435 daAuts
 Snake:1: 3580 daAuts
    D:10: 3038 daAuts
  Lair:2: 2936 daAuts
  Lair:6: 2899 daAuts
  Lair:1: 2246 daAuts
 Snake:3: 2220 daAuts
 Snake:2: 2088 daAuts
     D:8: 1961 daAuts
   Orc:2: 1913 daAuts
     D:2: 1812 daAuts
    D:14: 1796 daAuts
     D:3: 1740 daAuts
  Lair:5: 1690 daAuts
